 Dungeon Crawl Stone Soup version 0.17-a0-18-gc25b939 (webtiles) character file.

5631 JacquesDerrida the Spear-Bearer (level 10, -1/77 HPs)
             Began as a Merfolk Summoner on Mar 7, 2015.
             Was a Follower of Ashenzari.
             Slain by a blink frog (16 damage)
             ... on level 10 of the Dungeon.
             The game lasted 00:49:45 (6495 turns).

JacquesDerrida the Spear-Bearer (Merfolk Summoner)  Turns: 6495, Time: 00:49:45

Health: -1/77      AC:  7    Str: 10    XL:     10   Next: 74%
Magic:  2/16       EV: 18    Int: 17    God:    Ashenzari [*.....]
Gold:   394        SH:  0    Dex: 14    Spells: 4 memorised, 3 levels left

rFire  . . .     SeeInvis .     a - +7 greatsling "Punk" {freeze, rC+}
rCold  + . .     Clarity  .     p - +0 robe
rNeg   . . .     SustAb   .     (no shield)
rPois  .         Gourm    .     n - +0 helmet (curse)
rElec  .         Spirit   .     Q - +2 cloak (curse)
rCorr  .         Warding  .     (no gloves)
rMut   .         Stasis   .     C - +0 pair of boots (curse)
MR     .....                    (no amulet)
Stlth  ++........               (no ring)
                                G - ring of flight

@: very slightly contaminated, drained, not resistant to hostile enchantments,
unstealthy
A: change form in water, swift swim
a: Renounce Religion, Evoke Flight


You were on level 10 of the Dungeon.
You worshipped Ashenzari.
Ashenzari was aware of your devotion.
You were very hungry.

You visited 3 branches of the dungeon, and saw 13 of its levels.
You also visited: Labyrinth.

You collected 394 gold pieces.

Inventory:

Hand weapons
 a - the +7 greatsling "Punk" (weapon) {freeze, rC+}
   (You acquired it on level 5 of the Dungeon)

   It causes projectiles fired from it to freeze those they strike, causing
   extra injury to most foes and up to half again as much damage against
   particularly susceptible opponents.
   They can also slow down cold-blooded creatures.
   It protects you from cold.
 b - a +2 halberd of flaming
 B - a +0 blowgun
Missiles
 x - 27 poisoned needles
 D - 13 sling bullets of flame
 E - 14 sling bullets (quivered)
Armour
 j - a +0 buckler of protection
 n - a cursed +0 helmet (worn)
 p - a +0 robe (worn)
 C - a cursed +0 pair of boots (worn)
 L - a +0 leather armour
 Q - a cursed +2 cloak (worn)
Magical staves
 g - an uncursed staff of fire
Jewellery
 G - a ring of flight (left hand)
 O - an uncursed ring of protection from fire
 U - a cursed ring of teleportation
Magical devices
 y - a wand of confusion (28)
 F - a wand of digging (7)
 M - a wand of digging (21)
 N - a wand of magic darts (24)
 R - a wand of lightning (8)
 W - a wand of disintegration (20)
 Z - a wand of fire (0)
Scrolls
 i - a scroll of immolation {unknown}
 k - a scroll of teleportation
 m - 2 scrolls of curse armour
 q - 5 scrolls of curse jewellery
 r - a scroll of curse weapon
 u - a scroll of identify
 H - 3 scrolls of remove curse
 K - a scroll of summoning
 V - a scroll of magic mapping
 X - a scroll of fear {unknown}
 Y - a scroll of vulnerability {unknown}
Potions
 d - a potion of flight
 e - 2 potions of might
 h - a potion of heal wounds {unknown}
 t - 2 potions of resistance
 v - 2 potions of restore abilities
 w - a potion of lignification
 A - a potion of ambrosia
 I - 2 potions of brilliance
 J - 2 potions of haste
 T - 3 potions of curing
Books
 s - a book of Callings

   Spells                             Type                      Level
   a - Summon Small Mammal            Summoning                    1
   b - Call Imp                       Summoning                    2
   c - Call Canine Familiar           Summoning                    3
   d - Summon Guardian Golem          Hexes/Summoning              4
   e - Summon Lightning Spire         Summoning/Air                4
   f - Summon Ice Beast               Ice/Summoning                4
 z - a book of Frost

   Spells                             Type                      Level
   a - Freeze                         Ice                          1
   b - Throw Frost                    Conjuration/Ice              2
   c - Ozocubu's Armour               Charms/Ice                   3
   d - Throw Icicle                   Conjuration/Ice              4
   e - Summon Ice Beast               Ice/Summoning                4
   f - Condensation Shield            Ice                          4
Comestibles
 c - 7 bread rations
 f - 3 meat rations
 l - 4 beef jerkies
 P - a slice of pizza
 S - 2 chunks of flesh


   Skills:
 + Level 6.4(6.2) Fighting
 + Level 12.3(12.1) Polearms
 - Level 1.8(1.7) Slings
 + Level 9.8(9.6) Dodging
 - Level 2.1(2.0) Stealth
 - Level 2.0(1.8) Spellcasting
 - Level 8.0(7.8) Summonings
 - Level 5.2(5.1) Ice Magic


You had 3 spell levels left.
You knew the following spells:

 Your Spells              Type           Power        Failure   Level  Hunger
a - Summon Ice Beast      Ice/Summ       ###.....     17%         4    #####..
b - Call Imp              Summ           ####....     1%          2    ###....
c - Call Canine Familiar  Summ           ####....     2%          3    ###....
d - Summon Small Mammal   Summ           ####         1%          1    #......


Dungeon Overview and Level Annotations

Branches:
Dungeon (11/15)            Temple (1/1) D:6            Lair (1/8) D:10
    Orc (0/4) D:10

Altars:
Ashenzari
Cheibriados
Dithmenos
Elyvilon
Fedhas
Gozag
Kikubaaqudgha
Makhleb
Nemelex Xobeh
Okawaru
Qazlal
Ru
Sif Muna
Vehumet
Xom
The Shining One

Shops:
D:8 [


Message History

Your ice beast barely misses the yak.
Unknown command.
Your ice beast barely misses the yak.
The yak gores your ice beast.
Your ice beast hits the yak.
The yak dies!
There is an open door here.
Firing (i - inventory. (,) - cycle):
E - 15 sling bullets (quivered)
Press: ? - help, Shift-Dir - straight line, f - blink frog
Aim: a blink frog You shoot a sling bullet.
The sling bullet completely misses the blink frog.
Your ice beast barely misses the yak.
Your ice beast hits the yak.
Your ice beast freezes the yak!
The blink frog hits you!
* * * LOW HITPOINT WARNING * * *
The blink frog hits you.
* * * LOW HITPOINT WARNING * * *
Drink which item? (? for menu, Esc to quit)
You feel better. The blink frog hits you!
You die...

# ######### ###
############.......# ###..
...........#.......# ......
...........#.......# ......
..........(YY......+ ......
...........#..YF@..### .......
.........Y{#######....# .......
.........YY# #........ .......
....(...†YY# #........ #.#.##
.....(.....#####........ ......#
...........+....(........###.#...
......................# ........
......................# .........
##....................##.........


You could see a yak, a blink frog and 2 friendly ice beasts.

Vanquished Creatures
  A yak (D:10)
  Menkaure (D:4)
  An orc warrior (D:7)
  A porcupine (D:10)
  A centaur (D:9)
  A sky beast (D:11)
  An ice beast (D:10)
  A phantom (D:11)
  4 ogres
  A crocodile (D:10)
  The ghost of JacquesDerrida the Caller, an average MfSu (D:4)
  Duvessa (D:9)
  2 gnoll sergeants
  Blork the orc (D:8)
  6 giant frogs
  2 scorpions
  A killer bee (D:7)
  15 wights
  2 goliath beetles
  5 crimson imps
  A jelly (D:8)
  4 orc priests
  A centaur skeleton (D:7)
  2 hounds
  4 orc wizards
  3 iguanas
  A worker ant (D:4)
  A killer bee zombie (D:7)
  8 gnolls
  A worker ant zombie (D:5)
  4 adders
  2 shadow imps (D:6)
  A giant gecko (D:11)
  An ooze (D:5)
  20 orcs
  A bat skeleton (D:7)
  A bat zombie (D:8)
  4 goblins
  8 hobgoblins
  2 jackals (D:4)
  6 bats
  6 giant newts
  7 kobolds
  A quokka (D:7)
  7 rats
  A butterfly (D:6)
147 creatures vanquished.

Vanquished Creatures (collateral kills)
  A minotaur (Lab)
  7 yaks (D:10)
  2 hippogriffs
  A black bear (D:7)
  2 ogres
  An orc warrior (D:6)
  An eye of draining (D:10)
  A sky beast (D:5)
  A necrophage (D:7)
  A water moccasin skeleton (D:9)
  A scorpion (D:4)
  3 wights (D:7)
  3 killer bees
  Dowan (D:9)
  A crimson imp (D:4)
  An orc priest (D:3)
  A jelly (D:9)
  2 iguanas
  4 orc wizards
  Terence (D:2)
  A hound skeleton (D:6)
  5 adders
  6 gnolls
  A shadow imp (D:5)
  3 worms (D:2)
  An adder skeleton (D:7)
  3 giant geckos
  3 oozes
  11 orcs
  3 bats
  8 goblins
  5 hobgoblins
  6 kobolds
  2 quokkas
  2 ball pythons
  4 giant cockroaches
  3 giant newts
  4 jackals (D:2)
  4 rats
111 creatures vanquished.

Vanquished Creatures (others)
  17 ice beasts
  15 hounds
  A shadow imp (D:2)
  2 white imps
  2 bats (D:1)
37 creatures vanquished.

Grand Total: 295 creatures vanquished

Notes
Turn   | Place    | Note
--------------------------------------------------------------
     0 | D:1      | JacquesDerrida, the Merfolk Summoner, began the quest for the Orb.
     0 | D:1      | Reached XP level 1. HP: 13/13 MP: 3/3
   211 | D:1      | Reached XP level 2. HP: 7/19 MP: 1/4
   270 | D:1      | Learned a level 2 spell: Call Imp
   339 | D:2      | Found a sacrificial altar of Ru.
   421 | D:2      | Noticed Terence
   501 | D:2      | Killed Terence
   501 | D:2      | Reached XP level 3. HP: 13/24 MP: 0/6
   520 | D:2      | Learned a level 3 spell: Call Canine Familiar
   561 | D:2      | Reached skill level 5 in Summonings
  1129 | D:3      | Reached skill level 1 in Polearms
  1129 | D:3      | Reached XP level 4. HP: 30/30 MP: 1/7
  1154 | D:3      | Noticed an ogre
  1167 | D:3      | Killed an ogre
  1167 | D:3      | Reached XP level 5. HP: 35/35 MP: 2/9
  1249 | D:3      | Found a snail-covered altar of Cheibriados.
  1338 | D:4      | Found a white marble altar of Elyvilon.
  1432 | D:4      | Reached skill level 6 in Summonings
  1494 | D:4      | Noticed JacquesDerrida's ghost (average MfSu)
  1506 | D:4      | Noticed Menkaure
  1517 | D:4      | Killed JacquesDerrida's ghost
  1517 | D:4      | Reached XP level 6. HP: 35/41 MP: 4/10
  1522 | D:4      | Killed Menkaure
  1581 | D:4      | Reached skill level 5 in Polearms
  1708 | D:5      | Entered Level 5 of the Dungeon
  1732 | D:5      | Found a sparkling altar of Nemelex Xobeh.
  1779 | D:5      | Found a stormy altar of Qazlal.
  1842 | D:5      | Reached skill level 7 in Summonings
  1842 | D:5      | Reached XP level 7. HP: 12/46 MP: 7/12
  1925 | D:5      | Identified a scroll of acquirement
  2577 | D:6      | Learned a level 4 spell: Summon Ice Beast
  2616 | D:6      | Reached skill level 1 in Ice Magic
  2633 | D:6      | Reached skill level 1 in Slings
  2729 | D:6      | Reached XP level 8. HP: 52/52 MP: 13/13
  2945 | D:6      | Reached skill level 8 in Summonings
  2970 | D:6      | Found a staircase to the Ecumenical Temple.
  2991 | Temple   | Entered the Ecumenical Temple
  3256 | D:7      | Found a radiant altar of Vehumet.
  3292 | D:7      | HP: 1/52 [wight/enchanted falchion (9)]
  3533 | D:7      | Found a deep blue altar of Sif Muna.
  3543 | D:7      | Reached skill level 5 in Dodging
  3548 | D:7      | Reached XP level 9. HP: 46/57 MP: 14/14
  3628 | D:7      | Reached skill level 9 in Polearms
  3781 | D:7      | Reached skill level 5 in Ice Magic
  4242 | D:8      | Reached skill level 1 in Fighting
  4317 | D:8      | Found a shimmering altar of Xom.
  4428 | D:8      | Noticed Blork the orc
  4432 | D:8      | Killed Blork the orc
  4433 | D:8      | Found Tuoveurgh's Armour Shop.
  4452 | D:8      | Found a shattered altar of Ashenzari.
  4477 | D:8      | Became a worshipper of Ashenzari the Shackled
  4621 | D:9      | Reached skill level 10 in Polearms
  4681 | D:9      | Noticed Duvessa
  4681 | D:9      | Noticed Dowan
  4690 | D:9      | Killed Duvessa
  4693 | D:9      | Killed Dowan
  5078 | D:10     | Entered Level 10 of the Dungeon
  5257 | D:10     | Found a staircase to the Orcish Mines.
  5298 | D:10     | Found a staircase to the Lair.
  5338 | D:10     | Reached XP level 10. HP: 48/71 MP: 16/16
  5385 | D:10     | Reached skill level 11 in Polearms
  5484 | D:10     | Reached skill level 5 in Fighting
  5662 | D:11     | Found a labyrinth entrance.
  5671 | Lab      | Entered a labyrinth
  5968 | Lab      | Noticed a minotaur
  5982 | Lab      | Killed a minotaur
  6030 | Lab      | Got the mace of Xuofy {freeze, MR- Str+7}
  6175 | D:11     | Reached skill level 12 in Polearms
  6352 | Lair:1   | Entered Level 1 of the Lair of Beasts
  6495 | D:10     | Slain by a blink frog

Action                   |  1- 3 |  4- 6 |  7- 9 | 10-12 || total
-------------------------+-------+-------+-------+-------++-------
Melee: Unarmed           |    24 |       |       |       ||    24
       Long sword        |     5 |       |       |       ||     5
       Trident           |     1 |    94 |     3 |       ||    98
       Halberd           |       |       |     6 |    54 ||    60
 Fire: Greatsling        |       |       |   286 |    30 ||   316
       Blowgun           |       |       |    13 |       ||    13
 Cast: Summon Small Mamm |    15 |       |       |       ||    15
       Call Imp          |    12 |     4 |       |       ||    16
       Call Canine Famil |     9 |    12 |    17 |     3 ||    41
       Summon Ice Beast  |       |       |    20 |    22 ||    42
Evoke: Wand              |       |       |       |     1 ||     1
  Use: Scroll            |     2 |     9 |    13 |     7 ||    31
       Potion            |     1 |     1 |     5 |     1 ||     8
 Stab: Sleeping          |     1 |     3 |     1 |     1 ||     6
       Distracted        |       |     1 |       |     1 ||     2
  Eat: Chunk             |     2 |     5 |    15 |     7 ||    29
       Pizza             |       |       |     1 |       ||     1
       Beef jerky        |       |       |     1 |       ||     1
       Fruit             |       |       |     3 |       ||     3
